 Dungeon Crawl Stone Soup version 0.31.0-11-ge490571c62 (webtiles) character file.

Game seed: 6818852217703256891

17 browni3141 the Trooper (level 2, 24/24 HPs)
             Began as a Demonspawn Cinder Acolyte on Jan 31, 2024.
             Was a High Priest of Ignis.
             Got out of the dungeon alive.
             The game lasted 00:00:31 (165 turns).

browni3141 the Trooper (Demonspawn Cinder Acolyte)   Turns: 165, Time: 00:00:32

Health: 24/24      AC:  2    Str: 14    XL:     2   Next: 44%
Magic:  3/3        EV: 11    Int: 14    God:    Ignis [*****.]
Gold:   11         SH:  0    Dex:  8    Spells: 3/3 levels left

rFire   + . .        a - -1 mace (flame)
rCold   . . .        (no shield)
rNeg    . . .        b - +0 robe
rPois   .            (no helmet)
rElec   .            (no cloak)
rCorr   .            (no gloves)
SInv    .            (no boots)
Will    .....        (no amulet)
Stlth   +            (no ring)
HPRegen 0.24/turn    (no ring)
MPRegen 0.08/turn

%: no passive effects
@: no status effects
A: hooves 1
a: Renounce Religion, Fiery Armour, Foxfire Swarm, Rising Flame


You escaped.
You worshipped Ignis.
Ignis was extremely pleased with you.
You visited 1 branch of the dungeon, and saw 1 of its levels.

You collected 11 gold pieces.

Inventory:

Hand Weapons
 a - a -1 mace of flaming (weapon)
Armour
 b - a +0 robe (worn)


   Skills:
 + Level 3.1 Fighting
 * Level 3.0 Maces & Flails
 - Level 1.1 Spellcasting
 * Level 3.0 Fire Magic


You had 3 spell levels left.
You didn't know any spells.
Your spell library contained the following spells:

 Spells                   Type           Power      Damage    Failure   Level
 Scorch                   Fire           18%        2d5       12%         2


Dungeon Overview and Level Annotations

Branches:
Dungeon (1/15)

Altars:


Innate Abilities, Weirdness & Mutations

You have large cloven feet.


Message History

You barely miss the rat. The rat barely misses you.
The rat completely misses you.
You hit the rat. You burn the rat.
You kill the rat!
You see here a giant cockroach corpse.
Found a stone staircase leading down.
Unknown command.
Unknown command.
HP restored.
There is a stone staircase leading down here.
An endoplasm comes into view.
An endoplasm is nearby!
The endoplasm quivers.
An endoplasm is nearby!
You hit the endoplasm but do no damage. The endoplasm barely misses you.
An endoplasm is nearby!
You hit the endoplasm. You burn the endoplasm.
The endoplasm is moderately wounded.
The endoplasm freezes you.
You are frozen.
An endoplasm is nearby!
You thump the endoplasm! You burn the endoplasm.
You kill the endoplasm!
No target in view!
No target in view!
Key pressed, stopping explore.
No target in view!
A rat and a goblin come into view.
The rat squeaks loudly.
The goblin shouts!
A jackal comes into view.
You barely miss the rat.
The jackal barks!
A jackal comes into view.
The rat bites you but does no damage.
The rat is burned by your cloak of flames.
You kill the rat!
A jackal comes into view.
There are monsters nearby!
The jackal barks! x2
You hit the goblin. You burn the goblin.
You kill the goblin!
A jackal comes into view.
The jackal moves out of view.
The jackal barks!
There are monsters nearby!
You hit the jackal. You burn the jackal.
You kill the jackal!
You have reached level 2!
Your demonic ancestry asserts itself...
Your feet thicken and deform.
The jackal barely misses you.
You hit the jackal. You burn the jackal. Your kick misses the jackal.
The jackal is heavily wounded.
The jackal closely misses you.
A goblin comes into view. It is wielding a +0 dagger.
The jackal bites you but does no damage.
The jackal is burned by your cloak of flames.
You kill the jackal!
The jackal closely misses you. The jackal barely misses you.
You see here a jackal corpse.
You barely miss the jackal. Your kick misses the jackal.
The jackal barely misses you.
A dart slug comes into view.
You closely miss the jackal. You kick the jackal.
The jackal is almost dead.
The jackal barely misses you. The jackal closely misses you.
You hit the jackal but do no damage.
The jackal is almost dead.
The jackal misses you.
The jackal bites you but does no damage.
The jackal is burned by your cloak of flames.
You kill the jackal!
You closely miss the jackal. Your kick misses the jackal.
The jackal misses you.
You barely miss the jackal. Your kick misses the jackal.
The jackal bites you but does no damage.
The jackal is burned by your cloak of flames.
You kill the jackal!
The goblin hits you with a +0 dagger.
The goblin is burned by your cloak of flames.
You kill the goblin!
Your Maces & Flails skill increases to level 3!
Things that are here:
a +0 dagger; a goblin corpse The dart slug misses you.
You sock the dart slug! You burn the dart slug.
You kill the dart slug!
Your Fire Magic skill increases to level 3!
No target in view!
No target in view!
No target in view!
Unknown command.
No target in view!
Things that are here:
a +0 dagger; a goblin corpse You see here a jackal corpse.
Your fiery armour burns out.
There is a stone staircase leading down here.
There is a staircase leading out of the dungeon here.
You have escaped!

##########
#≈≈≈≈≈≈≈≈≈≈≈≈≈≈≈≈
#≈~≈~~~≈≈≈≈≈≈≈≈≈≈#
#≈.~~~~~≈~~≈≈≈≈≈≈#
#~†.~..~~.~≈≈≈≈≈≈#
#.)..8~.~.~~≈≈≈≈≈#
##†.....~..~~≈≈≈≈#
#......8~.~~~~≈≈#
##.......@~..~~≈≈#
#............~~~≈#
#####....8.....8~..~≈#
..##............~.~≈#
#####.#.............~~~≈#
...##.#.............~~≈≈#
##.##...............~~≈≈#
#...................~~~≈#
#.##............###..~~≈#


There were no monsters in sight!

Vanquished Creatures
  A dart slug (D:1)
  2 endoplasms (D:1)
  A giant cockroach (D:1)
  4 jackals (D:1)
  3 goblins (D:1)
  2 rats (D:1)
13 creatures vanquished.

Notes
Turn   | Place    | Note
-------+----------+-------------------------------------------
     0 | D:1      | browni3141 the Demonspawn Cinder Acolyte began the quest
                  | for the Orb.
     0 | D:1      | Reached XP level 1. HP: 18/18 MP: 2/2
   107 | D:1      | Gained mutation: You have large cloven feet. [demonic
                  | ancestry]
   107 | D:1      | Reached XP level 2. HP: 24/24 MP: 3/3
   165 | D:$      | Got out of the dungeon alive.

Illustrated notes

Levels and vault maps discovered:
D:1:      nicolae_arrival_washed_ashore, layout_basic,
          hellmonk_ecumenical_altar_run_dry

Skill      XL: |  1  2 |
---------------+-------+-----
Maces & Flails | 3 |  3.0
Fire Magic     | 3 |  3.0
Fighting       | |  3.1
Spellcasting   | |  1.1

Action                     || total
---------------------------++-------
  Melee: Mace              ||    21
         Kick              ||     1
 Invoke: Fiery Armour      ||     1
 Armour: Robe              ||    15
  Dodge: Dodged            ||    21
